 Dungeon Crawl Stone Soup version 0.29.1-2-gbd0b4ee654 (webtiles) character file.

Game seed: 11597592825610901856

6578 xian the Protected (level 10, -1/80 HPs)
             Began as a Demonspawn Wanderer on Nov 28, 2022.
             Was an Elder of Wu Jian.
             Slain by a shadow (12 damage)
             ... on level 9 of the Dungeon on Nov 29, 2022.
             The game lasted 00:31:56 (12685 turns).

xian the Protected (Demonspawn Wanderer)           Turns: 12685, Time: 00:31:57

Health: -1/80      AC: 15    Str: 18    XL:     10   Next: 71%
Magic:  19/19      EV:  8    Int: 12    God:    Wu Jian [****..]
Gold:   443        SH:  0    Dex: 19    Spells: 9/9 levels left

rFire   . . .      SeeInvis .   h - +1 dagger (venom)
rCold   . . .      Faith    +   (no shield)
rNeg    . . .      Spirit   .   D - +0 plate armour
rPois   .          Reflect  .   (helmet restricted)
rElec   .          Harm     .   u - +0 cloak
rCorr   .          Rampage  .   (no gloves)
Will    .....                   (boots unavailable)
Stlth   ..........              x - amulet of faith
HPRegen 0.23/turn               n - +6 ring of strength
MPRegen 0.32/turn               q - ring of magical power

@: no status effects
A: claws 1, hooves 3, horns 2, demonic guardian 1, magic regeneration
a: Renounce Religion, Wall Jump, Serpent's Lash


You were on level 9 of the Dungeon.
You worshipped Wu Jian.
Wu Jian was greatly pleased with you.
You visited 2 branches of the dungeon, and saw 10 of its levels.

You collected 495 gold pieces.
You spent 52 gold pieces at shops.

Inventory:

Hand Weapons
 h - a +1 dagger of venom (weapon)
 i - a +4 dagger
 G - a +1 shortbow of freezing
Missiles
 o - 27 poisoned darts (quivered)
 r - 3 boomerangs
 C - a curare-tipped dart
Armour
 b - an orb of guile
 m - a +1 pair of boots
 u - a +0 cloak (worn)
 D - a +0 plate armour (worn)
Magical Staves
 k - a staff of earth
Jewellery
 l - an amulet of magic regeneration
 n - a +6 ring of strength (left claw)
 q - a ring of magical power (right claw)
 x - an amulet of faith (around neck)
Wands
 c - a wand of polymorph (3)
 j - a wand of charming (5)
 s - a wand of roots (6)
 E - a wand of mindburst (14)
 H - a wand of digging (3)
 K - a wand of acid (6)
Scrolls
 a - a scroll of enchant armour
 e - a scroll of teleportation
 w - a scroll of magic mapping
 y - a scroll of identify
 B - a scroll of poison
 J - a scroll of enchant weapon
Potions
 d - 2 potions of haste
 g - 4 potions of flight
 p - a potion of cancellation {unknown}
 t - 2 potions of degeneration {unknown}
 v - 2 potions of curing
 A - a potion of magic
 F - a potion of mutation {unknown}
 I - a potion of lignification
Miscellaneous
 f - a condenser vane (inert)


   Skills:
 + Level 8.0 Fighting
 + Level 7.1 Short Blades
 + Level 3.4 Throwing
 + Level 9.5 Armour
 + Level 4.3 Dodging
 + Level 3.3 Stealth
 + Level 3.5 Evocations


You had 9 spell levels left.
You didn't know any spells.
Your spell library contained the following spells:

 Spells                   Type           Power      Damage    Failure   Level
 Summon Small Mammal      Summ           0%         N/A       100%        1
 Poisonous Vapours        Pois/Air       0%         N/A       100%        2
 Call Canine Familiar     Summ           0%         N/A       100%        3
 Dazzling Flash           Conj/Hex       0%         N/A       100%        3
 Ozocubu's Armour         Ice            0%         N/A       100%        3
 Summon Guardian Golem    Hex/Summ       0%         N/A       100%        3
 Corpse Rot               Necr/Pois/Air  0%         N/A       100%        4
 Agony                    Necr           0%         N/A       100%        5
 Metabolic Englaciation   Hex/Ice        0%         N/A       100%        5
 Silence                  Hex/Air        0%         N/A       100%        5
 Simulacrum               Ice/Necr       0%         N/A       100%        6


Dungeon Overview and Level Annotations

Branches:
Dungeon (9/15)             Temple (1/1) D:4
   Lair: D:8-11         Orc: D:9-12

Altars:
Ashenzari
Dithmenos
Fedhas
Gozag
Kikubaaqudgha
Makhleb
Nemelex Xobeh
Okawaru
Qazlal
Ru
Sif Muna
Trog
Vehumet
Wu Jian
Xom
Yredelemnul

Shops:
D:5 *


Innate Abilities, Weirdness & Mutations

You have sharp fingernails.
You have hooves in place of feet.
You have a pair of horns on your head.
A weak demonic guardian rushes to your aid.
You regenerate magic rapidly.


Message History

You throw a poisoned dart.
The poisoned dart barely misses the manticore.
Unknown command.
You hit the manticore but do no damage.
The manticore looks as sick as possible!
You kick the manticore.
The manticore is moderately wounded.
You hit the manticore.
The manticore looks as sick as possible!
You kick the manticore! You headbutt the manticore!
The manticore is almost dead.
The manticore barely misses you. The manticore claws you.
* * * LOW HITPOINT WARNING * * *
The manticore claws you but does no damage.
Your hellwing closely misses the manticore.
Your hellwing hits the manticore. You hit the manticore but do no damage.
The manticore is almost dead.
You kill the manticore!
The Council accepts your kill. The shadow hits your hellwing.
Your Fighting skill increases to level 8!
Unknown command.
Your hellwing hits the shadow but does no damage.
Your hellwing misses the shadow.
The shadow closely misses your hellwing.
Your hellwing barely misses the shadow. x2; The shadow hits your hellwing!
You carefully extract the barbed spikes from your body.
Your hellwing hits the shadow but does no damage. x2
The shadow hits your hellwing.
Your hellwing hits the shadow!
Your hellwing barely misses the shadow.
The shadow hits your hellwing.
Your hellwing hits the shadow but does no damage. x2
The shadow hits your hellwing.
Your hellwing disappears in a puff of smoke!
The shadow slips into darkness.
The shadow flickers and vanishes!
Deactivating autopickup; reactivate with Ctrl-A.
The shadow strikes at you from the darkness!
You die...

#..# ##..##.#### ..
#..###..##..# #.
##......###..# #>
#H####..##...# #..# #.
#....((.###..###..# ###.
#(.####..##..####...
##..####.....#....#.
#>..# #.......####. ..##
##@.##..###..## ## #..##
#.....## ##.# #. ..
#...###...### #.## ##.
.. #.........## #..###.#
#.# ##.....###..##
##......# #.. #.....##
#...####..###.##
#.###......###........##
##.#
#..#........##..#.....##
#.#
##.....###.....##...#..#
##.


There were no monsters in sight!

Vanquished Creatures
  A harpy (shapeshifter) (D:9)
  Pikel (D:6)
  A manticore (D:9)
  A freezing wraith (D:9)
  A komodo dragon (D:7)
  A slime creature (D:9)
  A hornet (D:9)
  A yak (D:9)
  A wyvern (D:8)
  A steam dragon (D:8)
  A vampire mosquito (D:9)
  An acid dragon (D:9)
  An orc warrior (D:8)
  5 ice beasts
  4 sky beasts
  A phantom (D:6)
  2 centaurs
  A lemure (D:6)
  5 kobold brigands
  3 bullfrogs
  A scorpion (D:4)
  5 wights (D:7)
  9 killer bees
  2 howler monkeys
  4 hounds
  3 orc priests
  A gnoll bouda (D:6)
  Ijyb (D:3)
  Crazy Yiuf (D:3)
  11 iguanas
  9 orc wizards
  Robin (D:4)
  9 adders
  9 gnolls
  A shadow imp (D:6)
  A white imp (D:6)
  2 ufetubi (D:5)
  A worm (D:4)
  5 dart slugs
  28 orcs
  5 ball pythons
  5 endoplasms
  3 giant cockroaches (D:1)
  11 goblins
  9 hobgoblins
  8 quokkas
  7 bats
  10 frilled lizards
  21 kobolds
  8 rats
225 creatures vanquished.

Vanquished Creatures (collateral kills)
  A necrophage (D:4)
  A hound (D:5)
  A gnoll (D:4)
  An adder (D:4)
  2 bats
  3 endoplasms
  2 goblins (D:4)
  3 kobolds
14 creatures vanquished.

Vanquished Creatures (others)
  A shadow (D:9)
  5 plants (D:7)
6 creatures vanquished.

Grand Total: 245 creatures vanquished

Notes
Turn   | Place    | Note
-------+----------+-------------------------------------------
     0 | D:1      | xian the Demonspawn Wanderer began the quest for the Orb.
     0 | D:1      | xian set off with the following items: a +0 dagger, a
                  | potion of curing, a +0 helmet, a potion of haste, a +0
                  | robe, a condenser vane.
     0 | D:1      | Reached XP level 1. HP: 19/19 MP: 1/1
   252 | D:1      | Gained mutation: A weak demonic guardian rushes to your
                  | aid. [demonic ancestry]
   252 | D:1      | Reached XP level 2. HP: 25/25 MP: 2/2
   872 | D:1      | Discovered your monstrous ancestry.
   872 | D:1      | Gained mutation: You have a pair of small horns on your
                  | head. [demonic ancestry]
   872 | D:1      | Reached XP level 3. HP: 28/31 MP: 3/3
  1578 | D:2      | Reached skill level 1 in Short Blades
  1585 | D:2      | Found a faded altar of an unknown god.
  1748 | D:2      | Reached XP level 4. HP: 38/38 MP: 4/4
  2857 | D:3      | Noticed Ijyb
  2867 | D:3      | Killed Ijyb
  2868 | D:3      | Gained mutation: You have large cloven feet. [demonic
                  | ancestry]
  2868 | D:3      | Reached XP level 5. HP: 39/43 MP: 5/5
  3335 | D:3      | Found a runed translucent door.
  3336 | D:3      | Noticed Crazy Yiuf
  3341 | D:3      | Killed Crazy Yiuf
  3342 | D:3      | Reached skill level 2 in Armour
  3573 | D:4      | Gained mutation: You have hoof-like feet. [demonic
                  | ancestry]
  3573 | D:4      | Reached XP level 6. HP: 38/50 MP: 6/6
  3584 | D:3      | HP: 3/75 [something (4)]
  4779 | D:4      | Reached skill level 1 in Throwing
  4873 | D:4      | Reached skill level 5 in Fighting
  4873 | D:4      | Reached skill level 3 in Armour
  5028 | D:4      | Noticed Robin
  5052 | D:4      | Killed Robin
  5137 | D:4      | Found a staircase to the Ecumenical Temple.
  5143 | Temple   | Entered the Ecumenical Temple
  5253 | Temple   | Became a worshipper of the Wu Jian Council
  5387 | D:5      | Entered Level 5 of the Dungeon
  5421 | D:5      | Noticed an ice beast
  5421 | D:5      | Noticed an ice beast
  5460 | D:5      | Killed an ice beast
  5461 | D:5      | Gained mutation: You have sharp fingernails. [demonic
                  | ancestry]
  5461 | D:5      | Reached XP level 7. HP: 14/56 MP: 7/7
  5779 | D:5      | Found Fadgh's General Store.
  5790 | D:5      | Bought a potion of might for 52 gold pieces
  6425 | D:5      | Noticed a gargoyle
  6602 | D:6      | Noticed Pikel
  6646 | D:6      | Reached skill level 4 in Armour
  6664 | D:6      | Killed Pikel
  6664 | D:6      | Reached * piety under Wu Jian
  6665 | D:6      | Gained mutation: You regenerate magic rapidly. [demonic
                  | ancestry]
  6665 | D:6      | Reached XP level 8. HP: 18/64 MP: 8/8
  7387 | D:6      | Reached skill level 5 in Armour
  7861 | D:6      | Reached skill level 5 in Short Blades
  7946 | D:6      | Gained mutation: You have hooves in place of feet. [demonic
                  | ancestry]
  7946 | D:6      | Reached XP level 9. HP: 68/71 MP: 9/9
  7960 | D:6      | Reached ** piety under Wu Jian
  7965 | D:6      | Reached skill level 6 in Armour
  8818 | D:7      | Reached skill level 7 in Armour
  8840 | D:7      | Reached *** piety under Wu Jian
  9508 | D:7      | Found a broken altar of Ashenzari.
  9512 | D:7      | Saw a vision of the Swamp and the Spider Nest.
  9512 | D:7      | Noticed a boulder beetle
  9512 | D:7      | Noticed a bloated husk
  9512 | D:7      | Noticed a wolf spider
  9512 | D:7      | Noticed a demonic crawler
  9512 | D:7      | Noticed a wolf spider
  9512 | D:7      | Noticed a steelbarb worm
  9515 | D:7      | Noticed a pharaoh ant
  9516 | D:7      | Noticed a demonic crawler
  9516 | D:7      | Noticed a goliath frog
  9519 | D:7      | Noticed a bog body
  9588 | D:7      | Noticed a komodo dragon
  9593 | D:7      | Killed a komodo dragon
  9893 | D:7      | Reached skill level 8 in Armour
 10258 | D:8      | Gained mutation: You have a pair of horns on your head.
                  | [demonic ancestry]
 10258 | D:8      | Reached XP level 10. HP: 66/79 MP: 10/10
 10851 | D:8      | Found a burning altar of Makhleb.
 11708 | D:9      | Reached **** piety under Wu Jian
 11996 | D:9      | Noticed a harpy
 12002 | D:9      | Killed a harpy
 12006 | D:9      | Reached skill level 9 in Armour
 12260 | D:9      | Paralysed by a hornet for 3 turns
 12261 | D:9      | Noticed a skeletal warrior
 12265 | D:9      | Noticed a cyclops
 12602 | D:9      | HP: 4/80 [acid dragon/splash of acid (25)]
 12641 | D:9      | Noticed a manticore
 12675 | D:9      | Killed a manticore
 12685 | D:9      | Slain by a shadow

Illustrated notes

Levels and vault maps discovered:
D:1:      dpeg_arrival_subterranean_lakeside_camping, layout_basic
D:2:      layout_loops_ring, basic_ecumenical_altar, minmay_octomino_c4
D:3:      layout_basic, tso_metal_star, uniq_ijyb, uniq_crazy_yiuf_cottage
D:4:      layout_rooms, nicolae_overflow_hidden_temple,
          minmay_temple_entry_glassed_door, kennysheep_generic_room_6,
          uniq_robin
D:5:      layout_basic, serial_glass, glass_columns_b, glass_columns_b,
          serial_shops, shop, hex_large, hangedman_decor_riveting,
          kennysheep_cluttered_room
D:6:      layout_basic, uniq_pikel
D:7:      layout_cave_pools, grunt_ashenzari_visionary
          [grunt_ashenzari_visionary_swamp, grunt_ashenzari_visionary_spider],
          minmay_lizard_king
D:8:      layout_basic, mainiacjoe_overflow_six_doors_small
D:9:      layout_layer_cave, nicolae_rejected_hall
Temple:   kb_temple_of_zot

Skill      XL: |  1  2  3  4  5  6  7  8  9 10 |
---------------+-------------------------------+-----
Short Blades   | 1 2 4 5 6 7 |  7.1
Dodging        | 2 3 4 |  4.3
Armour         | 2 3 4 5 8 9 |  9.5
Stealth        | 2 3 |  3.3
Throwing       | 1 3 |  3.4
Fighting       | 5 6 7 8 |  8.0
Evocations     | |  3.5

Action                   |  1- 3 |  4- 6 |  7- 9 | 10-12 || total
-------------------------+-------+-------+-------+-------++-------
Melee: Dagger            |    96 |   169 |   483 |   170 ||   918
       Headbutt          |     4 |    32 |   119 |    26 ||   181
       Punch             |     1 |     1 |    12 |     2 ||    16
       Kick              |       |       |    96 |    71 ||   167
Throw: Dart              |       |     4 |     6 |    17 ||    27
       Boomerang         |       |     3 |     3 |       ||     6
Invok: Lunge             |       |     1 |    25 |     7 ||    33
       Whirlwind         |       |       |    26 |     4 ||    30
Evoke: Condenser vane    |     1 |     2 |     1 |       ||     4
       Wand              |       |     1 |       |       ||     1
  Use: Scroll            |     3 |     1 |     3 |     7 ||    14
       Potion            |       |     4 |       |     4 ||     8
 Stab: Sleeping          |     3 |     3 |       |       ||     6
       Distracted        |       |     1 |       |       ||     1
Armor: Robe              |    31 |       |       |       ||    31
       Leather armour    |     7 |    35 |     4 |       ||    46
       Skin              |       |     9 |       |       ||     9
       Chain mail        |       |       |    83 |       ||    83
       Plate armour      |       |       |   156 |    88 ||   244
Dodge: Dodged            |    82 |   118 |   159 |    51 ||   410
